 Dungeon Crawl Stone Soup version 0.27-a0-607-g1ad3dbde53 (webtiles) character file.

Game seed: 9069407199276131285

2508 goldor the Nimble (level 9, -7/56 (61) HPs)
             Began as a Vampire Brigand on Mar 12, 2021.
             Was a Plaything of Xom.
             Mangled by a hellwing (10 damage)
             ... summoned by Xom
             ... on level 7 of the Dungeon on Mar 13, 2021.
             The game lasted 00:53:23 (7833 turns).

goldor the Nimble (Vampire Brigand)                 Turns: 7833, Time: 00:53:24

HP:   -7/56 (61)    AC:  6    Str:  2 (10) XL:     9   Next: 28%
MP:   9/9           EV: 14    Int: 12      God:    Xom [....*.]
Gold: 414           SH: 10    Dex: 14 (18) Spells: 8/8 levels left

rFire    + + .     SeeInvis +   a - +1 dagger (venom)
rCold    + . .     Faith    .   G - +0 kite shield
rNeg     . . .     Spirit   .   t - +2 robe {rC+ rF+}
rPois    .         Reflect  .   q - +0 helmet
rElec    .         Harm     .   c - +0 cloak
rCorr    .         Rampage  .   (no gloves)
Will     .....                  (no boots)
Stlth    +++.......             (no amulet)
HPRegen  0.38/turn              H - ring of protection from fire
MPRegen  0.11/turn              (no ring)

@: regenerating quickly, drained
A: fangs 3, large bone plates 1, see invisible, deterioration 2, dopey 1, high
mp 1, unbreathing 1, vampiric 2
a: Exsanguinate, Renounce Religion


You were on level 7 of the Dungeon.
You worshipped Xom.
You were a beloved toy of Xom.
You visited 1 branch of the dungeon, and saw 7 of its levels.

You collected 414 gold pieces.

Inventory:

Hand Weapons
 a - a +1 dagger of venom (weapon)
 j - a +2 dagger
Missiles
 d - 31 poisoned darts (quivered)
 e - 2 curare-tipped darts
 f - 208 stones
 p - 3 javelins
Armour
 c - a +0 cloak (worn)
 q - a +0 helmet (worn)
 t - a +2 robe of resistance (worn)
 G - a +0 kite shield (worn)
Jewellery
 H - a ring of protection from fire (right hand)
 M - a ring of ice
Wands
 s - a wand of random effects (16)
 w - a wand of mindburst (1)
 B - a wand of acid (4)
 J - a wand of digging (6)
Scrolls
 b - 2 scrolls of teleportation {unknown}
 g - a scroll of silence {unknown}
 h - 3 scrolls of magic mapping {unknown}
 i - a scroll of amnesia {unknown}
 k - a scroll of fear {unknown}
 l - 5 scrolls of noise {unknown}
 m - 10 scrolls of identify {unknown}
 n - 3 scrolls of enchant armour {unknown}
 u - a scroll of immolation {unknown}
 y - a scroll of fog {unknown}
 z - a scroll of blinking {unknown}
Potions
 o - a potion of invisibility {unknown}
 r - 5 potions of curing {unknown}
 v - a potion of haste {unknown}
 x - a potion of ambrosia {unknown}
 A - 2 potions of might {unknown}
 C - a potion of flight {unknown}
 D - a potion of experience {unknown}
 E - 2 potions of degeneration {unknown}
 F - a potion of attraction {unknown}
 I - a potion of magic {unknown}
 K - a potion of resistance {unknown}
 L - a potion of lignification {unknown}


   Skills:
 - Level 1.7 Fighting
 + Level 8.3 Short Blades
 - Level 1.5 Throwing
 - Level 0.1 Armour
 * Level 10.4 Dodging
 - Level 7.1 Stealth
 - Level 1.6 Shields
 - Level 1.0 Evocations


You had 8 spell levels left.
You didn't know any spells.
Your spell library contained the following spells:

 Spells                   Type           Power      Damage    Failure   Level
 Beastly Appendage        Tmut           0%         N/A       88%         1
 Magic Dart               Conj           0%         1d3       88%         1
 Blink                    Tloc           N/A        N/A       95%         2
 Call Imp                 Summ           0%         N/A       95%         2
 Slow                     Hex            0%         N/A       95%         2
 Wereblood                Tmut           0%         N/A       95%         2
 Conjure Flame            Conj/Fire      0%         6-21      99%         3
 Mephitic Cloud           Conj/Pois/Air  0%         N/A       99%         3
 Spider Form              Tmut/Pois      0%         N/A       99%         3
 Ice Form                 Ice/Tmut       0%         N/A       100%        4
 Blade Hands              Tmut           0%         N/A       100%        5


Dungeon Overview and Level Annotations

Branches:
Dungeon (7/15)             Temple (0/1) D:5

Altars:
Cheibriados
Dithmenos
Fedhas
Gozag
Hepliaklqana
Nemelex Xobeh
Qazlal
Trog
Uskayaw
Xom
The Shining One

Shops:
D:4 (=*:(   D:7 ?

Annotations:
D:5 Zaque's ghost, novice TrHu


Innate Abilities, Weirdness & Mutations

Your natural rate of healing is unusually fast.
You have razor-sharp teeth.
You have supernaturally acute eyesight. (SInv)
You can survive without breathing.
You are afflicted with vampirism and can become a bat while bloodless.
You are partially covered in large bone plates. (SH +4)
Your body often deteriorates upon taking damage.
You are dopey. (Int -2)
You have an increased reservoir of magic. (+10% MP)


Message History

The wight is severely damaged.
The wight hits you but does no damage.
You hit the wight but do no damage.
The wight is severely damaged.
You block the wight's attack.
You strike the helpless wight from behind!
You impale the wight!!
You destroy the wight!
You hear a splash. x2
A wight is nearby! "Fight to survive, mortal."
You are now a beloved toy of Xom.
You block the hellwing's attack. The hellwing hits you.
The red devil barely misses you. The white imp gestures at you.
Keep bloodletting?
The puff of frost hits you. You resist. You block the hellwing's attack.
The hellwing hits you.
* * * LOW HITPOINT WARNING * * *
Your body deteriorates!
You feel weakened.
You begin bloodletting.
You continue bloodletting.
The shadow imp closely misses you. You block the red devil's attack.
You block the crimson imp's attack. The white imp gestures at you.
The puff of frost hits you. You resist.
* * * LOW HITPOINT WARNING * * *
The hellwing closely misses you. The hellwing barely misses you.
You continue bloodletting.
The shadow imp hits you but does no damage.
The crimson imp puffs mist at you. The crimson imp closely misses you.
You block the red devil's attack. The white imp gestures at you.
The puff of frost misses you. The hellwing hits you!
* * * LOW HITPOINT WARNING * * *
You block the hellwing's attack.
You continue bloodletting.
You block the shadow imp's attack.
The crimson imp blinks!
You block the red devil's attack. The white imp misses you.
The hellwing hits you!
You die...

..#..# ..♣.♣:. .♣. ..##.#
.....P.♣♣P. ♣♣.P#
..###..........P.♣♣.♣♣PP.#
...# #........≈≈...P...≈≈#
...###........≈≈..♣♣♣..)≈#
.....##.............z..###
......................##
................5.5...#
................@....##
...............54§...####
.###..............4.....#
'#.#......#.......#####....
...##.....##..##### ##.
#...###..###### #.#'#.#..#
###...##.# #..÷...#..


You could see a hellwing (summoned), a red devil (summoned), a wight, a crimson
imp (summoned), a white imp (summoned) and a shadow imp (summoned).

Vanquished Creatures
  Pikel (D:4)
  Grinder (D:6)
  Sigmund (D:3)
  A spriggan (shapeshifter) (D:6)
  2 orc warriors
  2 centaurs (D:6)
  A lemure (D:4)
  A phantom (D:7)
  A bullfrog (D:7)
  A gnoll sergeant (D:7)
  A wight (D:7)
  A howler monkey (D:4)
  A quasit (D:5)
  3 hounds
  A jelly (D:6)
  3 centaur skeletons
  2 orc priests
  4 iguanas
  3 worker ants
  2 orc wizards
  6 gnolls
  11 adders
  A shadow imp (D:7)
  2 white imps
  3 ufetubi
  An ooze (D:6)
  3 adder zombies
  An adder skeleton (D:7)
  2 worms (D:4)
  A dart slug (D:2)
  7 leopard geckos
  22 orcs
  7 bats
  4 giant cockroaches
  5 goblins
  5 hobgoblins
  9 jackals
  9 quokkas
  A ball python (D:3)
  10 frilled lizards
  12 kobolds
  A leopard gecko skeleton (D:4)
  A quokka skeleton (D:5)
  8 rats
165 creatures vanquished.

Vanquished Creatures (collateral kills)
  The ghost of Gaff the Sneak, an amateur KoBr (D:4)
1 creature vanquished.

Grand Total: 166 creatures vanquished

Notes
Turn   | Place    | Note
-------+----------+-------------------------------------------
     0 | D:1      | goldor the Vampire Brigand began the quest for the Orb.
     0 | D:1      | Reached XP level 1. HP: 16/16 MP: 1/1
   308 | D:1      | Reached XP level 2. HP: 19/22 MP: 2/2
   882 | D:2      | Gained mutation: You are afflicted with vampirism and can
                  | become a bat while bloodless. [Vampire growth]
   882 | D:2      | Reached XP level 3. HP: 27/27 MP: 3/3
  1129 | D:2      | Reached skill level 2 in Dodging
  1239 | D:2      | Reached XP level 4. HP: 16/19 MP: 4/4
  1518 | D:3      | Found a sparkling altar of Nemelex Xobeh.
  1520 | D:3      | Found a shimmering altar of Xom.
  1520 | D:3      | Found a blossoming altar of Fedhas.
  1522 | D:3      | Found a hide-covered altar of Uskayaw.
  1522 | D:3      | Found a hide-covered altar of Uskayaw.
  1522 | D:3      | Found a hide-covered altar of Uskayaw.
  1559 | D:3      | Became a worshipper of Xom of Chaos
  1747 | D:3      | Reached skill level 3 in Dodging
  1843 | D:3      | Noticed Sigmund
  1846 | D:3      | Killed Sigmund
  1847 | D:3      | Reached skill level 4 in Dodging
  1847 | D:3      | Reached XP level 5. HP: 26/26 MP: 5/5
  1847 | D:3      | Reached XP level 6. HP: 30/30 MP: 6/6
  2190 | D:3      | XOM: polymorph orc -> jackal
  2578 | D:4      | Found Nasaungeb's Jewellery Emporium.
  2600 | D:4      | Found Umado's Book Emporium.
  2604 | D:4      | Noticed Pikel
  2625 | D:4      | XOM: confuse monster(s)
  2638 | D:4      | Killed Pikel
  2639 | D:4      | Reached skill level 6 in Dodging
  2639 | D:4      | Reached skill level 1 in Shields
  2639 | D:4      | Reached XP level 7. HP: 22/39 MP: 7/7
  2743 | D:4      | XOM: scenery: create altars
  2758 | D:4      | XOM: butterfly on damage
  2759 | D:4      | XOM: cleaving
  2935 | D:4      | XOM: summons 1 hostile shadow creature
  2961 | D:4      | XOM: polymorph worm -> quokka
  3013 | D:4      | Reached skill level 1 in Evocations
  3050 | D:4      | XOM: divination: detect creatures
  3064 | D:4      | Found Weuc's Antique Weapon Emporium.
  3148 | D:4      | Noticed a moth of wrath
  3152 | D:4      | Found a bloodstained altar of Trog.
  3180 | D:4      | XOM: scenery: 1 doors close
  3204 | D:4      | XOM: fog
  3213 | D:4      | XOM: confuse monster(s)
  3240 | D:4      | XOM: divination: detect items
  3253 | D:4      | XOM: summons 7 friendly demons
  3271 | D:4      | XOM: 6-stop teleportation journey
  3424 | D:4      | Found Asatzel's General Store.
  3440 | D:4      | Reached XP level 8. HP: 44/44 MP: 8/8
  3650 | D:4      | Found a large runed translucent door.
  3650 | D:4      | Found a large runed translucent door.
  3650 | D:4      | Noticed Gaff's ghost (amateur KoBr)
  3710 | D:4      | Found Giegac's Weapon Emporium.
  3783 | D:4      | XOM: scenery: summon butterflies
  3834 | D:4      | XOM: god gift: wand of acid (7)
  4000 | D:4      | XOM: summons 7 friendly demons
  4023 | D:4      | Killed Gaff's ghost
  4024 | D:4      | Reached skill level 7 in Dodging
  4157 | D:5      | Entered Level 5 of the Dungeon
  4157 | D:5      | Found a staircase to the Ecumenical Temple.
  4178 | D:5      | XOM: 2-stop teleportation journey
  4200 | D:5      | Found a transporter.
  4203 | D:5      | Noticed Zaque's ghost (novice TrHu)
  4257 | D:5      | XOM: stat loss: -1 Str (8/10)
  4352 | D:5      | Found a hide-covered altar of Uskayaw.
  4472 | D:5      | Found a transporter.
  4500 | D:5      | XOM: enchant monster (bad)
  4657 | D:5      | XOM: god gift: hand crossbow {god gift}
  4706 | D:5      | Found a stormy altar of Qazlal.
  4710 | D:5      | Found a shadowy altar of Dithmenos.
  4745 | D:5      | Found a sparkling altar of Nemelex Xobeh.
  4746 | D:5      | Found an opulent altar of Gozag.
  5038 | D:6      | XOM: enchant monster (good)
  5250 | D:6      | Found a blossoming altar of Fedhas.
  5268 | D:6      | XOM: scenery: summon butterflies
  5285 | D:6      | Noticed a shapeshifter
  5285 | D:6      | a centaur changed into a shapeshifter
  5285 | D:6      | XOM: polymorph centaur -> shapeshifter
  5285 | D:6      | Noticed a polar bear
  5285 | D:6      | a shapeshifter changed into a polar bear
  5290 | D:6      | XOM: scenery: summon butterflies
  5333 | D:6      | XOM: summons 4 hostile shadow creatures
  5343 | D:6      | Reached skill level 8 in Dodging
  5479 | D:6      | XOM: 3-stop teleportation journey
  5604 | D:6      | Upgraded the game from 0.27-a0-604-g29a88b33a7 to
                  | 0.27-a0-607-g1ad3dbde53
  5847 | D:6      | XOM: give mutations
  5847 | D:6      | Gained mutation: Your body sometimes deteriorates upon
                  | taking damage. [Xom's mischief]
  5847 | D:6      | Gained mutation: You are dopey. (Int -2) [Xom's mischief]
  5847 | D:6      | Gained mutation: Your body often deteriorates upon taking
                  | damage. [Xom's mischief]
  5903 | D:6      | Noticed Grinder
  5904 | D:6      | Killed Grinder
  5905 | D:6      | Reached skill level 9 in Dodging
  6115 | D:6      | XOM: torment (29/55 hp)
  6312 | D:7      | XOM: summons friendly ufetubus
  6529 | D:7      | Reached XP level 9. HP: 28/57 MP: 9/9
  6806 | D:7      | XOM: scenery: 1 doors open
  6899 | D:7      | Found Diahonn's Magic Scroll Boutique.
  6907 | D:7      | XOM is BORED!
  6907 | D:7      | XOM: draining
  7236 | D:7      | Found an opulent altar of Gozag.
  7318 | D:7      | Found a snail-covered altar of Cheibriados.
  7324 | D:7      | Found a hazy altar of Hepliaklqana.
  7482 | D:7      | Reached skill level 10 in Dodging
  7558 | D:7      | XOM: give mutation
  7558 | D:7      | Gained mutation: You are partially covered in large bone
                  | plates. (SH +4) [Xom's grace]
  7620 | D:7      | XOM: give mutation
  7620 | D:7      | Gained mutation: You have an increased reservoir of magic.
                  | (+10% MP) [Xom's grace]
  7776 | D:7      | XOM: fog
  7788 | D:7      | XOM: chaos upgrade
  7816 | D:7      | XOM: swap monsters
  7828 | D:7      | XOM: summons 5 hostile demons
  7829 | D:7      | Noticed a red devil
  7829 | D:7      | Noticed a hellwing
  7832 | D:7      | HP: 2/56 [hellwing[Xom] (7)]
  7833 | D:7      | Mangled by a hellwing

Illustrated notes

Levels and vault maps discovered:
D:1:      minmay_arrival_hallway, layout_basic
D:2:      layout_basic
D:3:      layout_loops_corners, doesnt_xom_only_xom, uniq_sigmund
D:4:      layout_basic, tgw_trog, serial_shops, nicolae_shop_statue_plus,
          nicolae_shop_stone, shop, nicolae_shop_stone, shop,
          ebering_ghost_disaster_area, serial_co_window_serial,
          co_window_corner_a, co_window_cross_1, co_window_paths_a,
          co_window_paths_a, co_window_of_opportunity_a, co_window_corner_a,
          co_window_corner_ca, co_window_unsneaky_path_b, co_window_broadway_c,
          co_window_of_opportunity_b, glass_columns_a, glass_columns_c,
          glass_columns_b, uniq_pikel
D:5:      layout_loops_ring, grunt_temple_overflow_opulence,
          eat_drink_and_be_merry_uskayaw, minitemple,
          minmay_temple_entry_statues_fountains, gammafunk_ghost_stat_death
D:6:      layout_cave_pods, fedhas_bush_and_centaur_altar, serial_column_ruins,
          column_ruins_hut, column_ruins_hut, column_ruins_open_medium_water,
          column_ruins_columns_corner, column_ruins_columns_corner,
          column_ruins_columns_straight, uniq_grinder
D:7:      minmay_slanted_spiral_squares, layout_cave_pods,
          nicolae_elyvilon_peaceful_grove, grunt_temple_overflow_open,
          serial_shops, kennysheep_little_box,
          nicolae_gozag_cash_rules_everything_around_me

Skill      XL: |  1  2  3  4  5  6  7  8  9 |
---------------+----------------------------+-----
Stealth        | 6 7 |  7.1
Dodging        | 2 4 6 9 10 | 10.4
Short Blades   | 3 4 6 8 |  8.3
Shields        | 1 |  1.6
Evocations     | 1 |  1.0
Fighting       | |  1.7
Throwing       | |  1.5
Armour         | |  0.1

Action                   |  1- 3 |  4- 6 |  7- 9 || total
-------------------------+-------+-------+-------++-------
Melee: Dagger            |    79 |   127 |   497 ||   703
       Bite              |     7 |    17 |    57 ||    81
       Unarmed           |       |       |     1 ||     1
 Fire: Hunting sling     |     5 |       |       ||     5
Throw: Stone             |     5 |       |       ||     5
       Dart              |     3 |       |       ||     3
       Javelin           |       |     4 |       ||     4
       Throwing net      |       |       |     1 ||     1
 Abil: Exsanguinate      |     3 |     1 |     2 ||     6
       Revivify          |     2 |     2 |     1 ||     5
       End Transformatio |       |       |     1 ||     1
       Bat Form          |       |       |     1 ||     1
Evoke: Wand              |       |     6 |     9 ||    15
  Use: Potion            |       |       |     1 ||     1
 Stab: Sleeping          |     7 |    13 |    17 ||    37
       Distracted        |       |     1 |       ||     1
       Confused          |       |       |     2 ||     2
       Paralysed         |       |       |     1 ||     1
Armor: Robe              |     5 |    24 |    70 ||    99
       Leather armour    |    14 |     7 |       ||    21
Dodge: Dodged            |    41 |    53 |   251 ||   345
Block: Buckler           |       |    18 |    30 ||    48
       Kite shield       |       |       |   116 ||   116

Table legend: (Time is in decaauts)
 A = Elapsed time spent in this place.
 B = Non-inter-level travel time spent in this place.
 C = Inter-level travel time spent in this place.
 D = Time resting spent in this place.
 E = Time spent auto-exploring this place.
 F = Levels seen in this place.
 G = Mean time per level.
                   A        B        C        D        E       F      G
               +--------+--------+--------+--------+--------+-----+--------+
         Total |   7702 |   6909 |    793 |    907 |   1821 |   7 | 1100.3 |
       Dungeon |   7702 |   6909 |    793 |    907 |   1821 |   7 | 1100.3 |
               +--------+--------+--------+--------+--------+-----+--------+

Top non-repeatable levels by time:
     D:4: 1653 daAuts
     D:6: 1496 daAuts
     D:7: 1318 daAuts
     D:3: 965 daAuts
     D:1: 836 daAuts
     D:5: 801 daAuts
     D:2: 631 daAuts
